 Dungeon Crawl Stone Soup version 0.18-a0-1577-gf591c28 (webtiles) character file.

1978 Duffy the Martial Artist (level 9, 51/64 HPs)
             Began as a Demonspawn Transmuter on Mar 17, 2016.
             Was a Believer of Cheibriados.
             Quit the game on level 7 of the Dungeon.
             The game lasted 00:14:03 (9000 turns).

Duffy the Martial Artist (Demonspawn Transmuter)    Turns: 9000, Time: 00:14:03

Health: 51/64      AC:  3    Str: 15    XL:     9   Next: 1%
Magic:  19/21      EV: 17    Int: 20    God:    Cheibriados [**....]
Gold:   425        SH:  0    Dex: 22    Spells: 2 memorised, 4 levels left

rFire  . . .     SeeInvis .       - Unarmed
rCold  . . .     Gourm    .     v - +0 leather armour
rNeg   . . .     Faith    +     (no shield)
rPois  .         Spirit   .     (helmet restricted)
rElec  .         Dismiss  .     (no cloak)
rCorr  .         Reflect  .     (no gloves)
SustAt .         Harm     .     (no boots)
MR     +....                    A - amulet of faith
Stlth  ++........               t - ring of protection from magic
                                u - ring of magical power

@: starving, very slow, somewhat resistant to hostile enchantments, unstealthy
A: horns 2, demonic guardian 1, powered by pain 1
a: Bend Time, Renounce Religion


You were on level 7 of the Dungeon.
You worshipped Cheibriados.
Cheibriados was pleased with you.
You were starving.

You visited 2 branches of the dungeon, and saw 8 of its levels.

You collected 425 gold pieces.


Innate Abilities, Weirdness & Mutations

You have a pair of horns on your head.
A weak demonic guardian rushes to your aid.
You sometimes gain a little power by taking damage.


   Skills:
 + Level 3.2 Fighting
 - Level 6.0 Dodging
 + Level 8.4 Unarmed Combat
 - Level 2.0 Spellcasting
 - Level 2.0 Transmutations
 - Level 3.0 Poison Magic


You had 4 spell levels left.
You knew the following spells:

 Your Spells              Type           Power        Failure   Level  Hunger
a - Blade Hands           Trmt           ##........   99%         5    ######.
l - Spider Form           Trmt/Pois      ##........   21%         3    ###....

Inventory:

Hand Weapons
 a - a +1 blowgun
Missiles
 h - 33 poisoned needles
 n - 139 arrows
 p - 6 curare-tipped needles
Armour
 b - a +0 robe
 v - a +0 leather armour (worn)
 x - a +0 ring mail
Jewellery
 t - a ring of protection from magic (right hand)
 u - a ring of magical power (left hand)
 A - an amulet of faith (around neck)
Scrolls
 e - 2 scrolls of enchant armour
 i - 6 scrolls of remove curse
 l - 3 scrolls of magic mapping
 m - 2 scrolls of teleportation
 s - a scroll of blinking {unknown}
 w - 3 scrolls of fog
 y - 2 scrolls of amnesia
 B - a scroll of immolation
 C - a scroll of recharging
Potions
 f - a potion of curing
 g - a potion of magic
 k - a potion of lignification
 q - a potion of brilliance
 r - 3 potions of heal wounds
 D - a potion of invisibility
Books
 c - a book of Changes
Comestibles
 d - 5 bread rations
 j - 4 meat rations
 o - 2 fruits

Dungeon Overview and Level Annotations

Branches:
Dungeon (7/15)             Temple (1/1) D:4

Altars:
Ashenzari
Cheibriados
Elyvilon
Fedhas
Gozag
Kikubaaqudgha
Makhleb
Nemelex Xobeh
Okawaru
Sif Muna
Trog
Xom
Yredelemnul
Zin
The Shining One


Message History

The hungry ghost is severely damaged.
The hungry ghost hits you.
You feel somewhat more hungry.
You hit the hungry ghost.
The hungry ghost is almost destroyed.
The hungry ghost closely misses you.
You closely miss the hungry ghost.
The hungry ghost is almost destroyed.
The hungry ghost hits you.
You are starving!
You miss the hungry ghost.
The hungry ghost is almost destroyed.
The hungry ghost closely misses you.
You hit the hungry ghost but do no damage.
The hungry ghost is almost destroyed.
Your transformation has ended.
Your +0 leather armour unmelds from your body.
The hungry ghost misses you.
You miss the hungry ghost.
The hungry ghost is almost destroyed.
The hungry ghost closely misses you.
You miss the hungry ghost. You headbutt the hungry ghost.
The hungry ghost is almost destroyed.
You hit the hungry ghost.
You destroy the hungry ghost!
Cheibriados thoroughly appreciates the change of pace.
Your Fighting skill increases to level 3!
You have reached level 9!
Your experience leads to an increase in your attributes!
Your base attributes are Str 10, Int 15, Dex 16.
Increase (S)trength, (I)ntelligence, or (D)exterity?
You feel agile.
Your demonic ancestry asserts itself...
You feel the presence of a demonic guardian.
Eat which item? (? for menu, Esc to quit)
Okay, then.
Are you sure you want to abandon this character and quit the game? (Confirm with "yes".)

...# ## ...# . .....# #..#.
##. #... .... #W.#.....
#...!.# #... # #.######
#...# #.#.#.o.o@.#.#...#
#.#.#.o#####.#...#
..................#.
##................. #######
#.#..............###.....#
.........^................#
#..#.......####...###.....#
#.....>.....###...........+
#................####.....#


You could see 3 orcs.

Action                   |  1- 3 |  4- 6 |  7- 9 || total
-------------------------+-------+-------+-------++-------
Melee: Unarmed           |    91 |   171 |   173 ||   435
 Fire: Blowgun           |       |    19 |    27 ||    46
 Cast: Spider Form       |     1 |    15 |    14 ||    30
  Use: Scroll            |       |     9 |     9 ||    18
       Potion            |       |     1 |       ||     1
 Stab: Sleeping          |     1 |     2 |     1 ||     4
       Distracted        |       |     1 |       ||     1
  Eat: Chunk             |     2 |    13 |     9 ||    24

Notes
Turn   | Place    | Note
--------------------------------------------------------------
     0 | D:1      | Duffy the Demonspawn Transmuter began the quest for the Orb.
     0 | D:1      | Reached XP level 1. HP: 15/15 MP: 3/3
   151 | D:1      | Reached skill level 2 in Transmutations
   525 | D:1      | Reached skill level 3 in Unarmed Combat
   728 | D:1      | Gained mutation: You have a pair of small horns on your head. [demonic ancestry]
   728 | D:1      | Reached XP level 2. HP: 16/21 MP: 5/5
   994 | D:1      | Reached XP level 3. HP: 23/26 MP: 6/6
  1071 | D:1      | Learned a level 3 spell: Spider Form
  1104 | D:2      | Noticed Ijyb
  1128 | D:1      | Killed Ijyb
  1128 | D:1      | Reached skill level 1 in Poison Magic
  1234 | D:2      | Reached skill level 4 in Unarmed Combat
  1455 | D:2      | Gained mutation: You sometimes gain a little power by taking damage. [demonic ancestry]
  1455 | D:2      | Reached XP level 4. HP: 32/32 MP: 7/7
  1791 | D:2      | Found a glowing silver altar of Zin.
  2196 | D:3      | Reached skill level 2 in Poison Magic
  2659 | D:3      | Gained mutation: You have a pair of horns on your head. [demonic ancestry]
  2659 | D:3      | Reached XP level 5. HP: 27/37 MP: 8/8
  3266 | D:2      | Reached skill level 3 in Poison Magic
  3441 | D:3      | Found a shattered altar of Ashenzari.
  3562 | D:3      | Found a basalt altar of Yredelemnul.
  3563 | D:3      | Found an iron altar of Okawaru.
  3753 | D:3      | Found an ancient bone altar of Kikubaaqudgha.
  3899 | D:3      | Reached skill level 2 in Dodging
  4090 | D:4      | Reached skill level 5 in Unarmed Combat
  4090 | D:4      | Reached XP level 6. HP: 41/43 MP: 9/9
  4214 | D:4      | Found a blossoming altar of Fedhas.
  4320 | D:4      | Reached skill level 3 in Dodging
  4791 | D:4      | Found a staircase to the Ecumenical Temple.
  4805 | Temple   | Entered the Ecumenical Temple
  4923 | Temple   | Became a worshipper of Cheibriados the Contemplative
  4977 | D:4      | Reached XP level 7. HP: 46/48 MP: 10/10
  5448 | D:4      | Reached skill level 6 in Unarmed Combat
  5669 | D:5      | Entered Level 5 of the Dungeon
  5694 | D:5      | Reached skill level 4 in Dodging
  5753 | D:5      | Found a sparkling altar of Nemelex Xobeh.
  5860 | D:5      | Found a deep blue altar of Sif Muna.
  5986 | D:5      | Reached * piety under Cheibriados
  7127 | D:6      | Reached XP level 8. HP: 19/54 MP: 11/11
  7349 | D:6      | Reached skill level 7 in Unarmed Combat
  7395 | D:6      | Reached skill level 5 in Dodging
  7467 | D:6      | Found a bloodstained altar of Trog.
  7675 | D:6      | Reached ** piety under Cheibriados
  7935 | D:6      | Found a white marble altar of Elyvilon.
  7983 | D:6      | Reached skill level 6 in Dodging
  8065 | D:6      | Reached skill level 8 in Unarmed Combat
  8189 | D:6      | Reached skill level 2 in Fighting
  8800 | D:7      | Learned a level 5 spell: Blade Hands
  8999 | D:7      | Reached skill level 3 in Fighting
  8999 | D:7      | Gained mutation: A weak demonic guardian rushes to your aid. [demonic ancestry]
  8999 | D:7      | Reached XP level 9. HP: 51/64 MP: 12/12
  9000 | D:7      | Quit the game

Vault maps used:
D:1:      dpeg_arrival_fog
D:2:      zin_academy, minmay_misc_feat_x, minmay_misc_feat_tower, uniq_iyjb
D:3:      evilmike_ruin_ashenzari, kiku_gazebo_pond_becter,
          grunt_temple_overflow_open, first_bread, portal_sewer_entry_a
D:4:      kennysheep_little_box, temple_green, kennysheep_big_empty_room
D:5:      lemuel_doored_altar, nemelex_xobeh_ov_fountains_minmay,
          cheibrodos_gnoll_hut
D:6:      elyvilon_altar_4, lemuel_crystal_altar
Temple:   nicolae_temple_hex_pool_5

Vanquished Creatures
  A hungry ghost
  A phantom
  2 centaurs
  4 ogres
  4 giant frogs
  3 scorpions
  2 howler monkeys
  3 hounds
  A jelly
  4 orc priests
  A giant frog skeleton
  A gnoll shaman
  4 orc wizards
  An iguana Ijyb
  3 worker ants
  6 gnolls
  A river rat
  9 adders
  A shadow imp
  An ooze
  A dart slug
  4 giant geckos
  23 orcs
  A ball python
  6 giant cockroaches
  5 goblins
  7 hobgoblins
  4 jackals
  3 kobolds
  2 quokkas
  7 bats
  5 giant newts
  2 quokka skeletons
  A quokka zombie
  8 rats
133 creatures vanquished.
